 Dungeon Crawl Stone Soup version 0.30-a0-297-g0ec75d9ef4 (webtiles) character file.

Game seed: 17151714899272358334

388 Zonian the Magician (level 7, 0/53 HPs)
             Began as a Djinni Ice Elementalist on Oct 20, 2022.
             Slain by Blork the orc
             ... wielding a +0 scimitar
              (12 damage)
             ... on level 4 of the Dungeon.
             The game lasted 00:07:30 (5084 turns).

Zonian the Magician (Djinni Ice Elementalist)       Turns: 5084, Time: 00:07:30

Health: 0/53       AC:  6    Str:  7    XL:     7   Next: 7%
Gold:   71         EV: 11    Int: 19    God:
                   SH:  0    Dex: 13

rFire   + + .      SeeInvis +    g - +8 scimitar of Hatiuss {freeze, SInv}
rCold   x . .      Faith    .    (no shield)
rNeg    . . .      Spirit   .    q - +0 troll leather armour {Pargi}
rPois   ∞          Reflect  .    f - +1 helmet
rElec   .          Harm     .    i - scarf {shadows}
rCorr   .          Rampage  .    (no gloves)
Will    .....                    (boots unavailable)
Stlth   ++........               (no amulet)
HPRegen 1.08/turn                (no ring)
MPRegen 0.00/turn                (no ring)

@: flying
A: sickness immunity, fire resistance 2, cold vulnerability 1, float, innate
caster, HP casting, extra vitality 1
a: no special abilities


You were on level 4 of the Dungeon.
You visited 1 branch of the dungeon, and saw 4 of its levels.
You also visited: Sewer.

You collected 71 gold pieces.

Inventory:

Hand Weapons
 b - a +1 short sword
 g - the +8 scimitar of Hatiuss (weapon) {freeze, SInv}
   (You found it in a sewer)

   It freezes those it strikes, dealing additional cold damage.
   It can also slow down cold-blooded creatures.
   SInv:      It lets you see invisible.
Armour
 a - a +0 robe
 f - a +1 helmet (worn)
 i - a scarf of shadows (worn)
 k - a +0 buckler
 q - a +0 troll leather armour (worn) {Pargi}
Scrolls
 h - 2 scrolls of teleportation
 o - a scroll of blinking {unknown}
 p - a scroll of enchant armour {unknown}
Potions
 c - a potion of mutation
 d - a potion of might
 e - a potion of heal wounds
 m - 2 potions of haste {unknown}
 n - a potion of flight {unknown}


   Skills:
 + Level 4.4 Fighting
 - Level 2.3 Dodging
 - Level 1.7 Stealth
 + Level 4.9 Spellcasting


You couldn't memorise any spells.
You knew the following spells:

 Your Spells              Type           Power      Damage    Failure   Level
a - Freeze                Ice            92%        1d9       2%          1
b - Frozen Ramparts       Ice            46%        1d7       8%          3
c - Ozocubu's Armour      Ice            23%        N/A       8%          3
d - Summon Ice Beast      Ice/Summ       23%        N/A       26%         4
e - Summon Small Mammal   Summ           92%        N/A       2%          1
f - Searing Ray           Conj           46%        2d6       3%          2
g - Portal Projectile     Hex/Tloc       46%        N/A       8%          3
Your spell library was empty.

Dungeon Overview and Level Annotations

Branches:
Dungeon (4/15)              Sewer (visited)
 Temple: D:4-7

Altars:

Annotations:
D:4 Blork the orc


Innate Abilities, Weirdness & Mutations

You are immune to sickness and miasma.
You are immune to poison.
Your flesh is very heat resistant. (rF++)
You are vulnerable to cold. (rC-)
You float through the air rather than walking.
You learn spells naturally, not from books.
Your magical power is your life essence.
You have superior vitality. (+4 MHP)


Message History

Blork the orc hits you with a +0 scimitar.
Unknown command.
Casting: Searing Ray (safe; 3% risk of failure)
Confirm with . or Enter, or press ? or * to list all spells.
Restarting spell: Searing Ray (safe; 3% risk of failure)
Press: ? - help, Shift-Dir - straight line, f/p - Blork the orc
Aim: Blork the orc, wielding a +0 scimitar and wearing a +0 robe (81% to hit)
The searing ray hits Blork the orc.
Blork the orc is lightly wounded.
The searing ray hits the orc priest.
The orc priest is moderately wounded.
The searing ray hits the orc.
The orc is heavily wounded. (Press . to maintain the ray.) Blork the orc casts a spell at you.
The magic dart hits you!
* * * LOW HITPOINT WARNING * * *
Casting: Searing Ray (safe; 3% risk of failure)
Confirm with . or Enter, or press ? or * to list all spells.
Restarting spell: Searing Ray (safe; 3% risk of failure)
Press: ? - help, Shift-Dir - straight line, f/p - Blork the orc
Aim: Blork the orc, wielding a +0 scimitar and wearing a +0 robe (lightly wounded, 81% to hit)
The searing ray misses Blork the orc.
The searing ray hits the orc priest.
The orc priest is moderately wounded. (Press . to maintain the ray.)
* * * LOW HITPOINT WARNING * * *
Blork the orc gestures wildly while chanting.
Blork the orc seems to speed up.
Casting: Searing Ray (safe; 3% risk of failure)
Confirm with . or Enter, or press ? or * to list all spells.
Restarting spell: Searing Ray (safe; 3% risk of failure)
Press: ? - help, Shift-Dir - straight line, f/p - Blork the orc
Aim: Blork the orc, wielding a +0 scimitar and wearing a +0 robe (lightly wounded, fast, 81% to hit)
Okay, then.
The searing ray hits Blork the orc!
Blork the orc is moderately wounded.
The searing ray misses the orc priest.
* * * LOW HITPOINT WARNING * * *
Blork the orc hits you with a +0 scimitar!
You die...

#..?.# #....#
#####....#
#........#
#........#
#........#...
######.)$.....
#..@oo.####...
######.###o.#
#......###.##
#..........#
#.......####
#.......##
#.....>..####
###+##.#....#
#.#<#.....


You could see Blork the orc (fast), an orc priest and an orc.

Vanquished Creatures
  A water moccasin (D:4)
  Pargi (Sewer)
  A jelly (D:3)
  2 orc wizards (D:3)
  A gnoll (D:1)
  A river rat (D:3)
  An adder (D:2)
  A worm (D:2)
  7 orcs
  5 endoplasms
  6 giant cockroaches
  2 goblins
  3 jackals (D:1)
  3 quokkas (D:2)
  10 ball pythons
  5 bats
  5 frilled lizards
  6 kobolds
  6 rats
67 creatures vanquished.

Vanquished Creatures (collateral kills)
  A worm (D:3)
  A giant cockroach (D:3)
  A ball python (D:3)
  A rat (D:3)
4 creatures vanquished.

Grand Total: 71 creatures vanquished

Notes
Turn   | Place    | Note
-------+----------+-------------------------------------------
     0 | D:1      | Zonian the Djinni Ice Elementalist began the quest for the
                  | Orb.
     0 | D:1      | Zonian set off with the following spells memorised: Freeze,
                  | Frozen Ramparts, Ozocubu's Armour, Summon Ice Beast.
     0 | D:1      | Reached XP level 1. HP: 15/15 MP: 0/0
    28 | D:1      | Found a faded altar of an unknown god.
   185 | D:1      | Reached XP level 2. HP: 9/22 MP: 0/0
  1246 | D:1      | Reached skill level 1 in Fighting
  1482 | D:1      | Reached XP level 3. HP: 20/27 MP: 0/0
  1482 | D:1      | Learned a level 1 spell: Summon Small Mammal
  2457 | D:2      | Reached XP level 4. HP: 30/33 MP: 0/0
  3046 | D:3      | Reached XP level 5. HP: 18/39 MP: 0/0
  3046 | D:3      | Learned a level 2 spell: Searing Ray
  3684 | D:3      | Found a glowing drain.
  3695 | Sewer    | Entered a sewer
  4142 | Sewer    | Identified the +8 scimitar of Hatiuss {freeze, SInv}
  4166 | Sewer    | Noticed Pargi
  4173 | Sewer    | Killed Pargi
  4174 | Sewer    | Reached XP level 6. HP: 39/47 MP: 0/0
  5052 | D:4      | Noticed a water moccasin
  5056 | D:4      | Killed a water moccasin
  5057 | D:4      | Reached XP level 7. HP: 47/53 MP: 0/0
  5057 | D:4      | Learned a level 3 spell: Portal Projectile
  5072 | D:4      | Noticed Blork the orc
  5084 | D:4      | Slain by Blork the orc

Illustrated notes

Levels and vault maps discovered:
D:1:      nagdon_arrival_zigzag_paths, layout_basic,
          hellmonk_ecumenical_altar_pennies_from_heaven
D:2:      layout_basic
D:3:      layout_loops_corners, portal_sewer_entry_e
D:4:      cheibrodos_helix_gallery, layout_basic,
          grunt_temple_overflow_gold_and_silver,
          mainiacjoe_overflow_divided_tiny, uniq_blork_the_orc, uniq_natasha,
          uniq_robin, uniq_grinder

Skill      XL: |  1  2  3  4  5  6 |
---------------+-------------------+-----
Fighting       | 1 2 3 4 |  4.4
Spellcasting   | 4 |  4.9
Dodging        | |  2.3
Stealth        | |  1.7

Action                   |  1- 3 |  4- 6 |  7- 9 || total
-------------------------+-------+-------+-------++-------
Melee: Short sword       |    16 |    25 |       ||    41
       Unarmed           |     2 |       |       ||     2
       Punch             |     1 |       |       ||     1
       Scimitar          |       |     7 |     2 ||     9
 Cast: Freeze            |    43 |    27 |       ||    70
       Searing Ray       |       |     8 |     3 ||    11
  Use: Scroll            |       |     8 |       ||     8
 Stab: Sleeping          |       |     2 |       ||     2
Armor: Robe              |    22 |    15 |       ||    37
       Troll leather arm |       |     1 |     2 ||     3
Dodge: Dodged            |    36 |    36 |     1 ||    73

Table legend: (Time is in decaauts)
 A = Elapsed time spent in this place.
 B = Non-inter-level travel time spent in this place.
 C = Inter-level travel time spent in this place.
 D = Time resting spent in this place.
 E = Time spent auto-exploring this place.
 F = Levels seen in this place.
 G = Mean time per level.
                   A        B        C        D        E       F      G
               +--------+--------+--------+--------+--------+-----+--------+
         Total |   5085 |   5010 |     75 |   2025 |   2193 |   5 | 1017.0 |
       Dungeon |   4139 |   4064 |     75 |   1315 |   2089 |   4 | 1034.8 |
         Sewer |    946 |    946 |      0 |    710 |    104 |   1 |  946.0 |
               +--------+--------+--------+--------+--------+-----+--------+

Top non-repeatable levels by time:
     D:1: 2088 daAuts
     D:3: 1192 daAuts
   Sewer: 946 daAuts
     D:2: 823 daAuts
     D:4: 34 daAuts
